 Dungeon Crawl Stone Soup version 0.24.0-123-gd5b16e6ec5 (webtiles) character file.

Game seed: 3761106418702702902, levelgen mode: deterministic

79 Destapler the Caller (level 4, -1/32 HPs)
             Began as a Merfolk Summoner on Dec 22, 2019.
             Slain by an orc priest
             ... wielding a cursed -2 short sword
              (7 damage)
             ... on level 3 of the Dungeon on Dec 26, 2019.
             The game lasted 00:20:04 (3848 turns).

Destapler the Caller (Merfolk Summoner)             Turns: 3848, Time: 00:20:05

Health: -1/32      AC:  3    Str:  8    XL:     4   Next: 37%
Magic:  7/7        EV: 14    Int: 15    God:
Gold:   157        SH:  0    Dex: 14    Spells: 2/8 levels left

rFire    . . .     SeeInvis .   b - +0 short sword (drain)
rCold    . . .     Gourm    +   (no shield)
rNeg     . . .     Faith    .   a - +0 robe
rPois    .         Spirit   .   (no helmet)
rElec    .         Reflect  .   (no cloak)
rCorr    .         Harm     .   l - +0 pair of gloves
MR       .....                  (no boots)
Stlth    ++........             j - amulet of the gourmand
HPRegen  0.10/turn              (no ring)
MPRegen  0.10/turn              (no ring)

@: no status effects
A: change form in water, swift swim, stealthy swim
a: no special abilities


You were on level 3 of the Dungeon.
You were hungry.

You visited 1 branch of the dungeon, and saw 3 of its levels.

You collected 157 gold pieces.

Inventory:

Hand Weapons
 b - a +0 short sword of draining (weapon)
Missiles
 d - 121 stones (quivered)
 g - 11 poisoned darts
Armour
 a - a +0 robe (worn)
 l - a +0 pair of gloves (worn)
Jewellery
 j - an amulet of the gourmand (around neck)
Wands
 k - a wand of polymorph (3)
Scrolls
 i - a scroll of amnesia {unknown}
Potions
 e - a potion of might {unknown}
 f - a potion of mutation {unknown}
 h - a potion of magic {unknown}
Comestibles
 c - 2 rations


   Skills:
 + Level 1.1 Fighting
 + Level 3.7 Dodging
 + Level 3.0 Stealth
 + Level 2.6 Spellcasting
 + Level 4.4 Summonings


You had 2 spell levels left.
You knew the following spells:

 Your Spells              Type           Power        Failure   Level  Hunger
a - Summon Small Mammal   Summ           ###.         3%          1    #......
b - Call Imp              Summ           ###.....     4%          2    ###....
c - Call Canine Familiar  Summ           ###.....     10%         3    ###....

Your spell library contained the following spells:

 Spells                   Type           Power        Failure   Level  Hunger
 Summon Guardian Golem    Hex/Summ       #.......     26%         3    ###....
 Summon Ice Beast         Ice/Summ       #.......     63%         4    #####..
 Summon Lightning Spire   Summ/Air       #.......     63%         4    #####..


Dungeon Overview and Level Annotations

Branches:
Dungeon (3/15)

Altars:
Trog
Zin

Shops:
D:2 *

Annotations:
D:2 1 runed translucent door, Crazy Yiuf


Message History

The orc barely misses you.
You hit the orc priest.
The orc priest is lightly wounded.
The orc priest hits you but does no damage.
The orc hits you from afar with a +0 trident.
The orc hits you with a +0 club.
* * * LOW HITPOINT WARNING * * *
The orc wizard casts a spell.
The orc wizard blinks!
The orc completely misses you.
You hit the orc priest.
The orc priest is lightly wounded.
The orc priest barely misses you. The orc completely misses you.
The orc hits you with a +0 club.
* * * LOW HITPOINT WARNING * * *
The orc barely misses you. The orc priest closely misses you.
You closely miss the orc priest.
The orc priest is lightly wounded.
The orc closely misses you. x3
The orc priest hits you with a cursed -2 short sword!
You die...

.##........'.....)...'...........
........####.........####...##.##
####.#.## ##.......## ##.##..##
#.### ##.....## #....... #.#
##o..## ####.### #.# ##ยง## #.#
#.# #.# #.# #.# #.# #.# #.# #@#
#.# #..


#ooo# #.# #...o.####### #.# ##..........# #.# ##.#.#...#.####.# ...........h...#
#.#.#...#.###### #.#.#####.# #.......######## You could see an orc priest, an
orc wizard and 3 orcs.

Vanquished Creatures
  Terence (D:2)
  An adder (D:1)
  2 ball pythons (D:1)
  2 giant cockroaches (D:3)
  6 goblins
  2 hobgoblins
  4 kobolds
  4 bats
  3 frilled lizards
  3 rats
  A fungus (D:2)
29 creatures vanquished.

Vanquished Creatures (collateral kills)
  An adder (D:2)
  A worm (D:1)
  A dart slug (D:1)
  2 ball pythons
  2 giant cockroaches (D:1)
  4 hobgoblins
  6 kobolds
  A frilled lizard (D:2)
  3 goblins
  A rat (D:1)
22 creatures vanquished.

Vanquished Creatures (others)
  4 toadstools (D:2)
4 creatures vanquished.

Grand Total: 55 creatures vanquished

Notes
Turn   | Place    | Note
-------+----------+-------------------------------------------
     0 | D:1      | Destapler the Merfolk Summoner began the quest for the Orb.
     0 | D:1      | Reached XP level 1. HP: 13/13 MP: 3/3
   459 | D:1      | Reached XP level 2. HP: 19/19 MP: 5/5
  1515 | D:1      | Reached XP level 3. HP: 10/24 MP: 2/6
  1956 | D:2      | Found a bloodstained altar of Trog.
  2178 | D:1      | Learned a level 2 spell: Call Imp
  2182 | D:1      | Learned a level 3 spell: Call Canine Familiar
  2376 | D:2      | Found Zin's Purification Station.
  2379 | D:2      | Found a glowing silver altar of Zin.
  3056 | D:2      | Noticed Terence
  3130 | D:2      | Killed Terence
  3130 | D:2      | Reached skill level 1 in Fighting
  3130 | D:2      | Reached XP level 4. HP: 32/32 MP: 2/7
  3479 | D:2      | Found a runed translucent door.
  3480 | D:2      | Noticed Crazy Yiuf
  3848 | D:3      | Slain by an orc priest

Levels and vault maps discovered:
D:1:      dpeg_arrival_ternary, layout_basic
D:2:      lemuel_upstairs_altar, layout_loops_ring, zin_purify,
          minmay_gold_behind_fungi, trog_hazing_becter, uniq_crazy_yiuf_cottage,
          uniq_terence
D:3:      layout_loops_corners, first_ration

Skill      XL: |  1  2  3 |
---------------+----------+-----
Dodging        | 3 |  3.7
Fighting       | 1 |  1.1
Stealth        | 3 |  3.0
Spellcasting   | |  2.6
Summonings     | |  4.4

Action                   |  1- 3 |  4- 6 || total
-------------------------+-------+-------++-------
Melee: Unarmed           |    26 |       ||    26
       Dagger            |   129 |       ||   129
       Short sword       |       |    28 ||    28
 Cast: Summon Small Mamm |    34 |       ||    34
       Call Canine Famil |     5 |     3 ||     8
       Call Imp          |     2 |       ||     2
 Stab: Sleeping          |     5 |     2 ||     7
       Distracted        |     2 |       ||     2
  Eat: Chunk             |     9 |       ||     9
       Ration            |       |     1 ||     1
Armor: Robe              |    33 |     1 ||    34
       Skin              |     1 |       ||     1
Dodge: Dodged            |   139 |    22 ||   161
